 Dungeon Crawl Stone Soup version 0.30.1-11-g7821555f0a (webtiles) character file.

Game seed: 11878559162885551837

6364 andronian the Impaler (level 10, -1/83 HPs)
             Began as a Merfolk Fighter on Dec 1, 2023.
             Was a High Priest of Okawaru.
             Killed by nerve-wracking pain
             ... invoked by an orc priest
             ... led by an orc high priest
              (10 damage)
             ... on level 2 of the Orcish Mines.
             The game lasted 00:17:27 (7356 turns).

andronian the Impaler (Merfolk Fighter)             Turns: 7356, Time: 00:17:28

Health: -1/83      AC: 27    Str: 20    XL:     10   Next: 97%
Magic:  10/10      EV:  8    Int:  8    God:    Okawaru [*****.]
Gold:   523        SH:  0    Dex: 14    Spells: 9/9 levels left

rFire   . . .        d - +4 halberd
rCold   . . .        (shield currently unavailable)
rNeg    . . .        r - +18 Lear's hauberk
rPois   +            (helmet currently unavailable)
rElec   .            (no cloak)
rCorr   +            (gloves currently unavailable)
SInv    .            (boots currently unavailable)
Will    .....        h - amulet of regeneration Stlth
                     f - ring of resist corrosion
HPRegen 1.13/turn    F - ring of poison resistance
MPRegen 0.12/turn

%: no passive effects
@: no status effects
A: (nimble swimmer 2), mertail
a: Renounce Religion, Heroism, Finesse, Duel


You were on level 2 of the Orcish Mines.
You worshipped Okawaru.
Okawaru was extremely pleased with you.
You visited 3 branches of the dungeon, and saw 12 of its levels.

You collected 706 gold pieces.
You spent 183 gold pieces at shops.

Inventory:

Hand Weapons
 a - a +0 trident
 d - a +4 halberd (weapon)
Missiles
 g - 11 boomerangs (quivered)
 i - 32 poisoned darts
 o - a throwing net
 s - 6 javelins
 E - 9 atropa-tipped darts
 G - 3 silver javelins
Armour
 b - a +0 scale mail
 c - a +0 buckler
 j - a +0 kite shield
 r - the +18 Lear's hauberk (worn)
   (You found it on level 2 of the Dungeon)
Jewellery
 f - a ring of resist corrosion (left hand)
 h - an amulet of regeneration (around neck)
 w - a ring of ice
 F - a ring of poison resistance (right hand)
Scrolls
 e - 2 scrolls of vulnerability {unknown}
 k - 2 scrolls of amnesia
 l - 2 scrolls of identify
 m - 8 scrolls of teleportation
 n - 2 scrolls of fog {unknown}
 v - a scroll of butterflies {unknown}
 y - 3 scrolls of fear {unknown}
 B - 3 scrolls of noise {unknown}
 C - a scroll of blinking {unknown}
 D - a scroll of immolation {unknown}
Potions
 p - 5 potions of curing
 q - a potion of cancellation {unknown}
 t - a potion of attraction
 u - 2 potions of haste
 x - 2 potions of berserk rage
 z - a potion of heal wounds {unknown}
 H - a potion of brilliance


   Skills:
 + Level 9.5 Fighting
 - Level 16.0 Polearms
 - Level 4.8 Throwing
 - Level 4.0 Armour
 - Level 3.0 Shields


You had 9 spell levels left.
You didn't know any spells.
Your spell library contained the following spells:

 Spells                   Type           Power      Damage    Failure   Level
 Vhi's Electric Charge    Tloc/Air       0%         N/A       100%        3
 Arcjolt                  Conj/Air       0%         1d10      100%        5
 Blade Hands              Tmut           0%         N/A       100%        5
 Iron Shot                Conj/Erth      0%         9d1       100%        6
 Maxwell's Capacitive Co  Air            0%         ∞         100%        8
 Animate Armour           Summ/Erth      Unusable   N/A       N/A         4

Dungeon Overview and Level Annotations

Branches:
Dungeon (9/15)             Temple (1/1) D:4             Orc (2/2) D:9
   Lair: D:8-11         Elf: Orc:2

Altars:
Cheibriados
Dithmenos
Fedhas
Gozag
Kikubaaqudgha
Makhleb
Nemelex Xobeh
Okawaru
Qazlal
Ru
Sif Muna
Trog
Uskayaw
Vehumet
Wu Jian
Yredelemnul
Zin
The Shining One

Shops:
D:3 *   D:4 (   D:5 (*[(

Annotations:
D:5 2 transporters, 1 runed translucent door, auo's ghost, novice DrTm
D:6 3 runed translucent doors, jagang's ghost, novice BaMo
D:7 3 exclusions


Innate Abilities, Weirdness & Mutations

((You are very nimble when in or above water. (Stealth+, EV+, Speed+++)))
Your lower body shifts to a powerful aquatic tail in water.


Message History

You slash the orc sorcerer!
The orc sorcerer is moderately wounded.
You hear a shout!
The orc priest closely misses you. The orc sorcerer barely misses you.
You hit the orc sorcerer.
The orc sorcerer is moderately wounded.
You closely miss the orc sorcerer.
The orc sorcerer is moderately wounded.
The orc priest hits you but does no damage.
The orc sorcerer hits you with a +0 dagger!
You puncture the orc sorcerer!
The orc sorcerer is severely wounded.
Something hits you but does no damage.
The orc sorcerer hits you but does no damage.
You hit the orc sorcerer but do no damage.
The orc sorcerer is severely wounded.
Something hits you but does no damage.
The orc priest mumbles some strange prayers to Beogh against you.
Beogh smites you!
The orc priest hits you but does no damage.
The orc closely misses you. The orc sorcerer barely misses you.
You barely miss the orc sorcerer.
The orc sorcerer is severely wounded.
You barely miss the orc sorcerer.
The orc sorcerer is severely wounded.
Something hits you.
The orc priest looks braver for a moment.
The orc closely misses you. The orc sorcerer casts a spell at you.
The bolt of fire hits you!!
An orc high priest comes into view. It is wielding a +0 long sword.
You puncture the orc sorcerer!
The orc sorcerer is almost dead.
Something hits you but does no damage.
The orc priest mumbles some strange prayers to Beogh against you.
Beogh smites you!
* * * LOW HITPOINT WARNING * * *
The orc priest mumbles some strange prayers to Beogh against you.
Pain shoots through your body!
You die...

. ### ^. ####.#####...
.#########............
............#.oo......
..............@oo.....
..##......<.....o.)(..
#....#.##.........o
##...................
###...........$..... .
##...................
##.#.......$..........
#..................$..
##....................


You could see an orc high priest, an orc sorcerer, 2 orc priests and 2 orcs.

Vanquished Creatures
  Erica (Orc:1)
  A two-headed ogre (D:9)
  Prince Ribbit (D:5)
  8 yaks (D:9)
  Sigmund (D:4)
  Menkaure (D:5)
  A steam dragon (D:7)
  Edmund (D:5)
  2 water moccasins
  4 ice beasts
  3 orc warriors
  2 sky beasts
  A black bear (D:7)
  2 ogres (D:5)
  A phantom (D:5)
  2 kobold brigands
  2 bullfrogs
  3 scorpions
  10 wights (D:9)
  6 killer bees
  2 howler monkeys
  A hound (D:5)
  2 orc priests
  5 orc wizards
  A sleepcap (D:6)
  5 iguanas
  4 gnolls
  6 adders
  2 white imps (D:7)
  An ufetubus (D:5)
  A worm (D:2)
  4 dart slugs
  33 orcs
  11 ball pythons
  7 bats
  3 endoplasms (D:2)
  3 giant cockroaches
  7 goblins
  5 hobgoblins
  3 jackals (D:3)
  13 kobolds
  5 quokkas
  A frilled lizard (D:1)
  4 rats
182 creatures vanquished.

Vanquished Creatures (others)
  A scorpion (D:7)
1 creature vanquished.

Grand Total: 183 creatures vanquished

Notes
Turn   | Place    | Note
-------+----------+-------------------------------------------
     0 | D:1      | andronian the Merfolk Fighter began the quest for the Orb.
     0 | D:1      | Reached XP level 1. HP: 18/18 MP: 1/1
    37 | D:1      | Reached skill level 3 in Polearms
   169 | D:1      | Reached XP level 2. HP: 24/24 MP: 2/2
   247 | D:1      | Reached skill level 4 in Polearms
   349 | D:1      | Reached XP level 3. HP: 30/30 MP: 3/3
  1149 | D:2      | Found the +18 Lear's hauberk
  1544 | D:2      | Identified the +5 sling "Giupei Eget" {antimagic, rN+}
  1762 | D:3      | Reached skill level 5 in Polearms
  1762 | D:3      | Reached XP level 4. HP: 37/37 MP: 4/4
  1845 | D:3      | Found Bifeogo's General Store.
  1919 | D:3      | Bought a scroll of teleportation for 30 gold pieces
  1919 | D:3      | Bought a scroll of teleportation for 30 gold pieces
  2178 | D:3      | Found the +4 robe of Folly {Brill Will-∞ Int+8}
  2413 | D:4      | Found a staircase to the Ecumenical Temple.
  2422 | Temple   | Entered the Ecumenical Temple
  2520 | Temple   | Became a worshipper of Warmaster Okawaru
  2597 | D:4      | Noticed Sigmund
  2600 | D:5      | Entered Level 5 of the Dungeon
  2604 | D:5      | Noticed Edmund
  2624 | D:5      | Killed Edmund
  2625 | D:5      | Reached XP level 5. HP: 42/42 MP: 5/5
  2625 | D:5      | Reached XP level 6. HP: 48/48 MP: 6/6
  2647 | D:5      | Noticed Menkaure
  2663 | D:5      | Killed Menkaure
  2664 | D:5      | Reached skill level 6 in Polearms
  2767 | D:5      | Found a transporter.
  2796 | D:5      | Found Emarch's Antique Weapon Shop.
  2823 | D:5      | Found a transporter.
  2825 | D:5      | Found Rothryulo's Antique Armour Shoppe.
  2833 | D:5      | Noticed a +0 dagger
  2834 | D:5      | Noticed a +0 hand axe
  2837 | D:5      | Found a hide-covered altar of Uskayaw.
  2855 | D:5      | Identified the +0 leather armour of the Chewing Gods {*Slow
                  | rF+ Regen+ Dex+2}
  2892 | D:5      | Reached skill level 7 in Polearms
  2902 | D:5      | Reached * piety under Okawaru
  2903 | D:5      | Reached XP level 7. HP: 52/53 MP: 7/7
  2912 | D:5      | Found Miffalut's Antique Weapon Shoppe.
  2978 | D:5      | Reached skill level 8 in Polearms
  3027 | D:5      | Found Tuad's General Store.
  3030 | D:5      | Bought 2 potions of curing for 84 gold pieces
  3047 | D:5      | Reached skill level 9 in Polearms
  3160 | D:5      | Found a runed translucent door.
  3161 | D:5      | Noticed auo's ghost (novice DrTm)
  3171 | D:5      | Noticed Prince Ribbit
  3188 | D:5      | Reached skill level 10 in Polearms
  3188 | D:5      | Reached XP level 8. HP: 60/60 MP: 8/8
  3225 | D:5      | Killed Prince Ribbit
  3225 | D:5      | Reached ** piety under Okawaru
  3426 | D:4      | Reached skill level 11 in Polearms
  3522 | D:4      | Found a sparkling altar of Nemelex Xobeh.
  3573 | D:4      | Killed Sigmund
  3588 | D:4      | Found a bloodstained altar of Trog.
  3602 | D:4      | Found Riyt's Weapon Boutique.
  3620 | D:4      | Bought 3 curare-tipped darts for 39 gold pieces
  3944 | D:6      | Reached skill level 12 in Polearms
  3944 | D:6      | Reached skill level 1 in Throwing
  4028 | D:6      | Reached XP level 9. HP: 61/66 MP: 9/9
  4161 | D:6      | Found a runed translucent gate.
  4162 | D:6      | Found a runed translucent gate.
  4163 | D:6      | Found a runed translucent gate.
  4165 | D:6      | Noticed jagang's ghost (novice BaMo)
  4169 | D:6      | Noticed a two-headed ogre
  4169 | D:6      | Noticed a kobold demonologist
  4275 | D:6      | Reached *** piety under Okawaru
  4276 | D:6      | Reached skill level 5 in Fighting
  4785 | D:6      | Reached skill level 13 in Polearms
  5371 | D:7      | Found a glowing golden altar of the Shining One.
  6161 | D:9      | Reached skill level 14 in Polearms
  6164 | D:9      | Reached **** piety under Okawaru
  6169 | D:9      | HP: 3/88 [wight/+4 halberd (4)]
  6315 | D:9      | Reached XP level 10. HP: 69/71 MP: 10/10
  6408 | D:9      | Noticed a two-headed ogre
  6440 | D:9      | Killed a two-headed ogre
  6440 | D:9      | Received a gift from Okawaru
  6517 | D:9      | Reached skill level 15 in Polearms
  6520 | D:9      | Received a gift from Okawaru
  6631 | D:9      | Found a staircase to the Orcish Mines.
  7198 | Orc:1    | Entered Level 1 of the Orcish Mines
  7198 | Orc:1    | Noticed Erica
  7216 | Orc:1    | Killed Erica
  7216 | Orc:1    | Received a gift from Okawaru
  7217 | Orc:1    | Reached skill level 16 in Polearms
  7273 | Orc:2    | Entered Level 2 of the Orcish Mines
  7296 | Orc:2    | Reached ***** piety under Okawaru
  7336 | Orc:2    | Noticed an orc sorcerer
  7343 | Orc:2    | Paralysed by an orc sorcerer for 5 turns
  7355 | Orc:2    | Noticed an orc high priest
  7356 | Orc:2    | Killed from afar by an orc priest

Illustrated notes

Levels and vault maps discovered:
D:1:      amcnicky_arrival_blooded_trapdoor, layout_basic, chequers_jeans,
          minmay_circled_x
D:2:      layout_loops_ring, serial_forest, infiniplex_forest_lined_ring,
          infiniplex_forest_clump_C, infiniplex_forest_lined_corner,
          infiniplex_forest_clump_long, infiniplex_forest_straight_4,
          infiniplex_forest_end_2, infiniplex_forest_straight_1,
          infiniplex_forest_clump_C, minmay_misc_feat_alley
D:3:      minmay_evil_eye, layout_rooms, serial_shops, shop, saegor_snake_ambush
D:4:      layout_basic, mainiacjoe_overflow_large_starburst,
          minmay_temple_entry_butterflies, serial_shops, shop, uniq_sigmund
D:5:      gammafunk_steamed_eel, layout_rooms, dancing_weapons_uskayaw,
          ebering_ghost_sewer_d, serial_shops, nicolae_shop_window_shopping,
          nicolae_shop_tiny_waterfront, shop, shop, uniq_menkaure, uniq_edmund,
          uniq_prince_ribbit1
D:6:      layout_loops_corners, gammafunk_ghost_split
D:7:      layout_loops_ring, general_overflow_altar,
          nicolae_elyvilon_temple_path, lemuel_flamethrower_2
D:8:      layout_gridville, nicolae_overflow_hidden_temple
D:9:      layout_irregular_city, orc_0_dummy, grunt_decor_clamped,
          serial_park_tiny_1
Temple:   nicolae_temple_superstar
Orc:1:    cheibrodos_orc_bank, layout_diamond_mine, basic_altar,
          nicolae_specific_store, uniq_erica, uniq_harold
Orc:2:    kennysheep_orc_mage_school, layout_caves

Skill      XL: |  1  2  3  4  5  6  7  8  9 10 |
---------------+-------------------------------+-----
Polearms       | 3 4 5 7 10 12 14 16 | 16.0
Armour         | 3 4 |  4.0
Fighting       | 4 6 9 |  9.5
Throwing       | 2 4 |  4.8
Shields        | |  3.0

Action                     |  1- 3 |  4- 6 |  7- 9 | 10-12 || total
---------------------------+-------+-------+-------+-------++-------
  Melee: Trident           |    96 |   143 |   454 |       ||   693
         Halberd           |       |       |       |   136 ||   136
  Throw: Boomerang         |       |     2 |       |     4 ||     6
         Dart              |       |       |     6 |     8 ||    14
    Use: Potion            |       |     1 |     3 |       ||     4
         Scroll            |       |       |    10 |       ||    10
   Stab: Sleeping          |       |     1 |       |       ||     1
 Armour: Scale mail        |    20 |       |       |       ||    20
         Chain mail        |     2 |    78 |   195 |    61 ||   336
         Skin              |       |       |    18 |       ||    18
  Dodge: Dodged            |    23 |    26 |    78 |    39 ||   166
  Block: Buckler           |     8 |       |       |       ||     8
         Kite shield       |    20 |    50 |   134 |       ||   204
